 Dungeon Sprint DCSS version 0.18-a0-270-ga9d907f (webtiles) character file.

45001 Kidiri the Unseen (level 13, -1/68 HPs)
             Began as a Spriggan Enchanter on Nov 26, 2015.
             Was the Champion of Dithmenos.
             Shot with an arrow by a deep elf master archer (41 damage)
             ... in the Dungeon (Sprint III: "The Ten Rune Challenge").
             The game lasted 00:27:04 (4840 turns).

Kidiri the Unseen (Spriggan Enchanter)              Turns: 4840, Time: 00:27:05

Health: -1/68      AC:  6    Str:  4    XL:     13   Next: 29%
Magic:  27/33      EV: 35    Int: 19    God:    Dithmenos [******]
Gold:   2599       SH:  0    Dex: 19    Spells: 9 memorised, 14 levels left

rFire  + . .     SeeInvis +     a - +1 dagger
rCold  . . .     Clarity  .     e - +2 robe {rF+}
rNeg   . . .     SustAt   .     (shield restricted)
rPois  .         Gourm    .     h - +2 hat
rElec  .         Spirit   .     (no cloak)
rCorr  .         Warding  .     (gloves unavailable)
rMut   .         NoTele   +     (boots unavailable)
MR     ++...                    (no amulet)
Stlth  ++++++++++               (no ring)
                                (no ring)

@: wreathed by umbra, very quick, very resistant to hostile enchantments,
uncannily stealthy
A: unfitting armour, see invisible, herbivore 3, speed 3, slow metabolism 2
a: Shadow Step, Shadow Form, Renounce Religion
}: 1/10 runes: barnacled


You were in the Dungeon.
You worshipped Dithmenos.
Dithmenos was exalted by your worship.
You were not hungry.

You visited 1 branch You collected 2599 gold pieces.

Inventory:

Hand Weapons
 a - a +1 dagger (weapon)
Missiles
 x - 10 throwing nets (quivered)
Armour
 e - a +2 robe of fire resistance (worn)
 h - a +2 hat (worn)
Wands
 w - a wand of frost (14)
Scrolls
 j - a scroll of blinking
 l - a scroll of magic mapping {unknown}
 o - a scroll of immolation {unknown}
 q - 4 scrolls of remove curse
 t - a scroll of torment {unknown}
Potions
 b - 2 potions of curing
 f - 4 potions of heal wounds
 g - a potion of haste
 i - a potion of berserk rage
 k - a potion of resistance
 m - a potion of agility {unknown}
 n - 2 potions of mutation
 p - a potion of cancellation {unknown}
 r - 4 potions of cure mutation
 s - 2 potions of flight
 v - a potion of might
Comestibles
 c - 6 fruits
 d - a bread ration
 u - 30 royal jellies


   Skills:
 + Level 8.2 Fighting
 * Level 14.5 Short Blades
 + Level 7.5 Armour
 * Level 18.4 Dodging
 * Level 20.0 Stealth
 * Level 15.8 Spellcasting
 + Level 7.2 Conjurations
 + Level 12.0 Hexes
 + Level 10.2 Charms
 + Level 12.1 Translocations
 + Level 8.3 Ice Magic
 - Level 2.7 Invocations


You had 14 spell levels left.
You knew the following spells:

 Your Spells              Type           Power        Failure   Level  Hunger
a - Corona                Hex            ######.      1%          1    None
b - Ensorcelled Hibernat  Hex/Ice        ######       1%          2    None
c - Confuse               Hex            ######..     1%          3    None
d - Tukima's Dance        Hex            ######..     1%          3    None
e - Dazzling Spray        Conj/Hex       ######..     1%          3    None
f - Gell's Gravitas       Hex/Tloc       ######....   1%          3    None
g - Force Lance           Conj/Tloc      ######..     1%          4    None
h - Phase Shift           Tloc           ######....   1%          5    ###....
i - Warp Weapon           Chrm/Tloc      ######....   1%          5    ###....


Dungeon Overview and Level Annotations

Branches:
Dungeon (1/1)

Altars:
Cheibriados
Dithmenos
Elyvilon
Fedhas
Gozag
Kikubaaqudgha
Makhleb
Nemelex Xobeh
Okawaru
Qazlal
Ru
Sif Muna
Trog
Vehumet
Xom
Yredelemnul
Zin
The Shining One
Jiyva
Lugonu

Shops:
D =?(*}[!


Innate Abilities, Weirdness & Mutations

You are tiny and cannot use many weapons and most armour.
You have supernaturally acute eyesight.
You are a herbivore.
You cover ground extremely quickly.
You need consume almost no food.


Message History

The spray of energy hits the deep elf master archer.
The deep elf master archer shouts!
Your shadow mimicks your spell!
The shadow shard hits the deep elf master archer.
The deep elf master archer shoots an arrow.
The arrow misses you.
The deep elf master archer shoots an arrow.
The arrow hits you!!
You emit a cloud of dark smoke.
Casting: Dazzling Spray
Confirm with . or Enter, or press ? or * to list all spells.
Aiming: Dazzling Spray
Press: ? - help, Shift-Dir - straight line, f/p - deep elf master archer
Aim: a deep elf master archer, wielding a longbow and wearing a shiny chain mail (lightly wounded, umbra)
The spray of energy hits the deep elf master archer.
The deep elf master archer is lightly wounded.
The deep elf master archer is dazzled.
The deep elf master archer shoots an arrow.
The arrow hits you!!!
Ouch! That really hurt!
You die...

▓▓▓ ▓▓▓ # #.#####.####### ###
#####...#..'.#...# ...'
#.........##.#..§##≈≈≈≈#
#.))......##.#.§§§≈≈)eee
#..).......#.#(§@##≈≈≈≈#
#)∩.###.##.#.'(§§# ...'
#)##.#.#.######### ###
#'###########################
#....#.#.#.)...#......+...≈≈#
##.#..#.##.###.#......#...≈≈###
'##)#.#.##.#).##......#...≈≈≈≈#
#)))#..#..##.)+.......#...≈≈≈≈#
▓▓▓▓▓▓▓▓▓▓▓▓▓▓#.......#.......#


You could see a deep elf master archer (blind), a deep elf annihilator
(wandering) and a deep elf high priest.

Vanquished Creatures
  Rupert (D)
  Polyphemus (D)
  Gastronok (D)
  Ilsuiw (D)
  Maud (D)
  2 dire elephants (D)
  A deep elf annihilator (D)
  3 fire dragons (D)
  A merfolk javelineer (D)
  Erolcha (D)
  2 hydras (D)
  4 death yaks (D)
  An orc high priest (D)
  A death drake (D)
  A spriggan druid (D)
  2 deep elf summoners (D)
  A sea snake (D)
  3 deep elf conjurers (D)
  A lindwurm (D)
  2 elephants (D)
  2 black mambas (D)
  2 spiny frogs (D)
  A fire drake (D)
  A queen bee (D)
  A komodo dragon (D)
  A deep elf priest (D)
  2 giant leeches (D)
  3 wandering mushrooms (D)
  8 blink frogs (D)
  2 spriggans (D)
  A shadow (D)
  2 trapdoor spiders (D)
  4 redbacks (D)
  A hill giant (D)
  A spatial vortex (D)
  A swamp drake (D)
  A necrophage (D)
  3 orc warriors (D)
  A two-headed ogre (D)
  A water elemental (D)
  32 killer bees (D)
  An electric eel (D)
  4 orc priests (D)
  A jelly (D)
  Jessica (D)
  A necromancer (D)
  A wizard (D)
  3 sheep (D)
  A wolf (D)
  3 orc wizards (D)
  A kobold demonologist (D)
  3 humans (D)
  2 oozes (D)
  7 orcs (D)
  A rat (D)
  A plant (D)
133 creatures vanquished.

Vanquished Creatures (collateral kills)
  A hill giant (D)
  2 two-headed ogres (D)
3 creatures vanquished.

Vanquished Creatures (others)
  2 draconian scorchers (D)
  A yaktaur (D)
  2 fire drakes (D)
  6 plants (D)
11 creatures vanquished.

Grand Total: 147 creatures vanquished

Notes
Turn   | Place    | Note
--------------------------------------------------------------
     0 | D        | Kidiri the Spriggan Enchanter began the quest for the Orb.
     0 | D        | Reached XP level 1. HP: 9/9 MP: 5/5
     7 | D        | Reached skill level 5 in Stealth
     7 | D        | Reached XP level 2. HP: 13/13 MP: 7/7
    11 | D        | Learned a level 2 spell: Ensorcelled Hibernation
    13 | D        | Noticed Jessica
    16 | D        | Killed Jessica
    16 | D        | Reached skill level 1 in Fighting
    16 | D        | Reached skill level 1 in Armour
    16 | D        | Reached skill level 6 in Stealth
    16 | D        | Reached XP level 3. HP: 16/18 MP: 7/9
    20 | D        | Killed a yaktaur
    23 | D        | Learned a level 3 spell: Confuse
    27 | D        | Learned a level 3 spell: Dazzling Spray
   107 | D        | Reached skill level 5 in Dodging
   107 | D        | Reached skill level 1 in Ice Magic
   175 | D        | Killed a fire drake
   243 | D        | Killed a white draconian scorcher
   244 | D        | Killed a white draconian scorcher
   265 | D        | Reached XP level 4. HP: 22/22 MP: 6/11
   280 | D        | Learned a level 3 spell: Tukima's Dance
   327 | D        | Reached skill level 7 in Stealth
   327 | D        | Reached skill level 5 in Spellcasting
   327 | D        | Reached skill level 1 in Conjurations
   341 | D        | Noticed a shadow
   343 | D        | Killed a shadow
   343 | D        | Reached skill level 5 in Short Blades
   343 | D        | Reached skill level 9 in Stealth
   343 | D        | Reached skill level 5 in Hexes
   343 | D        | Reached XP level 5. HP: 27/27 MP: 13/15
   343 | D        | Reached XP level 6. HP: 32/32 MP: 13/16
   366 | D        | Found a stormy altar of Qazlal.
   367 | D        | Found a sacrificial altar of Ru.
   367 | D        | Found a burning altar of Makhleb.
   367 | D        | Found a viscous altar of Jiyva.
   367 | D        | Found a shimmering altar of Xom.
   367 | D        | Found a shadowy altar of Dithmenos.
   367 | D        | Found a sparkling altar of Nemelex Xobeh.
   367 | D        | Found a corrupted altar of Lugonu.
   367 | D        | Found an opulent altar of Gozag.
   367 | D        | Noticed a spatial vortex
   371 | D        | Became a worshipper of Dithmenos the Shadowed
   395 | D        | Killed a spatial vortex
   395 | D        | Reached skill level 10 in Stealth
   395 | D        | Reached skill level 1 in Invocations
   410 | D        | Killed a fire drake
   516 | D        | Found a radiant altar of Vehumet.
   517 | D        | Found a deep blue altar of Sif Muna.
   517 | D        | Found an ancient bone altar of Kikubaaqudgha.
   525 | D        | Noticed a chaos spawn
   537 | D        | Learned a level 3 spell: Gell's Gravitas
   542 | D        | Learned a level 4 spell: Force Lance
   589 | D        | Found a glowing silver altar of Zin.
   590 | D        | Found a glowing golden altar of the Shining One.
   590 | D        | Found a white marble altar of Elyvilon.
   590 | D        | Noticed a deep elf priest
   592 | D        | Killed a deep elf priest
   592 | D        | Reached * piety under Dithmenos
   592 | D        | Reached XP level 7. HP: 36/36 MP: 17/19
   613 | D        | Found an iron altar of Okawaru.
   614 | D        | Found a bloodstained altar of Trog.
   614 | D        | Noticed a human
   614 | D        | Noticed a human
   616 | D        | Killed a human
   616 | D        | Reached skill level 10 in Dodging
   616 | D        | Reached skill level 11 in Stealth
   617 | D        | Killed a human
   631 | D        | Found a snail-covered altar of Cheibriados.
   632 | D        | Found a basalt altar of Yredelemnul.
   632 | D        | Found a blossoming altar of Fedhas.
   633 | D        | Reached ** piety under Dithmenos
   633 | D        | Reached XP level 8. HP: 40/42 MP: 21/21
   646 | D        | Learned a level 5 spell: Phase Shift
   819 | D        | Reached *** piety under Dithmenos
   826 | D        | Noticed Erolcha
   845 | D        | Killed Erolcha
   845 | D        | Reached skill level 12 in Stealth
   846 | D        | Reached skill level 5 in Translocations
   846 | D        | Reached XP level 9. HP: 46/46 MP: 21/23
  1072 | D        | Reached **** piety under Dithmenos
  1072 | D        | Reached skill level 13 in Stealth
  1072 | D        | Reached skill level 10 in Spellcasting
  1197 | D        | Reached ***** piety under Dithmenos
  1202 | D        | Reached skill level 5 in Ice Magic
  1203 | D        | Reached ****** piety under Dithmenos
  1204 | D        | Reached skill level 14 in Stealth
  1255 | D        | Reached skill level 5 in Fighting
  1425 | D        | Reached skill level 10 in Short Blades
  1425 | D        | Reached XP level 10. HP: 51/51 MP: 19/26
  1648 | D        | Reached skill level 5 in Armour
  1661 | D        | Learned a level 5 spell: Warp Weapon
  1768 | D        | Reached skill level 1 in Charms
  1775 | D        | Reached skill level 15 in Stealth
  1857 | D        | Noticed a lindwurm
  1860 | D        | Killed a lindwurm
  1860 | D        | Reached skill level 5 in Conjurations
  1887 | D        | Noticed Maud
  1889 | D        | Killed Maud
  1889 | D        | Reached XP level 11. HP: 56/56 MP: 28/28
  1893 | D        | Noticed a six-headed hydra
  1893 | D        | Noticed a four-headed hydra
  1897 | D        | Killed a six-headed hydra
  1897 | D        | Reached skill level 16 in Stealth
  1898 | D        | Killed a four-headed hydra
  1935 | D        | Noticed a death drake
  1937 | D        | Killed a death drake
  1937 | D        | Reached skill level 5 in Charms
  1949 | D        | Found a blossoming altar of Fedhas.
  1949 | D        | Noticed a spriggan druid
  1951 | D        | Killed a spriggan druid
  1951 | D        | Reached skill level 15 in Dodging
  1958 | D        | Reached skill level 10 in Hexes
  2023 | D        | Noticed a fire dragon
  2024 | D        | Noticed a fire dragon
  2028 | D        | Found Qutwog's Gadget Emporium.
  2028 | D        | Found Cesazuso's Antique Armour Shop.
  2045 | D        | Killed a fire dragon
  2062 | D        | Found Qenar's Distillery.
  2117 | D        | Killed a fire dragon
  2146 | D        | Noticed a fire dragon
  2149 | D        | Killed a fire dragon
  2149 | D        | Reached skill level 17 in Stealth
  2771 | D        | Noticed Rupert
  2773 | D        | Killed Rupert
  2773 | D        | Reached skill level 10 in Translocations
  2773 | D        | Reached XP level 12. HP: 62/62 MP: 25/31
  2806 | D        | Noticed an azure jelly
  2806 | D        | Noticed an azure jelly
  2816 | D        | Reached skill level 18 in Stealth
  2836 | D        | Noticed an azure jelly
  2836 | D        | Noticed an azure jelly
  2971 | D        | Noticed Polyphemus
  2972 | D        | Noticed Ilsuiw
  2973 | D        | Killed Polyphemus
  2979 | D        | Killed Ilsuiw
  3017 | D        | Found Ifepeis's Jewellery Shoppe.
  3017 | D        | Found Goturel's Magic Scroll Boutique.
  3017 | D        | Found Elah Aqa's Antique Weapon Emporium.
  3017 | D        | Noticed a merfolk javelineer
  3046 | D        | Killed a merfolk javelineer
  3046 | D        | Reached skill level 19 in Stealth
  3046 | D        | Reached skill level 15 in Spellcasting
  3065 | D        | Got a barnacled rune of Zot
  3135 | D        | Noticed a dire elephant
  3135 | D        | Noticed a dire elephant
  3135 | D        | Noticed Gastronok
  3156 | D        | Killed a dire elephant
  3482 | D        | Killed a dire elephant
  3532 | D        | Killed Gastronok
  3532 | D        | Reached XP level 13. HP: 47/68 MP: 1/33
  3823 | D        | Found Qumnapne's General Store.
  4159 | D        | Reached skill level 10 in Charms
  4241 | D        | Noticed a deep elf annihilator
  4247 | D        | Noticed a deep elf annihilator
  4255 | D        | Noticed a deep elf demonologist
  4259 | D        | Noticed a deep elf master archer
  4394 | D        | Noticed a deep elf annihilator
  4415 | D        | Killed a deep elf annihilator
  4697 | D        | Reached skill level 20 in Stealth
  4840 | D        | Shot with an arrow by a deep elf master archer

Vault maps used:
D:        dungeon_sprint_mu

Action                   |  1- 3 |  4- 6 |  7- 9 | 10-12 | 13-15 || total
-------------------------+-------+-------+-------+-------+-------++-------
Melee: Dagger            |     8 |    25 |    33 |    82 |    84 ||   232
 Cast: Ensorcelled Hiber |     7 |       |    18 |    33 |     1 ||    59
       Confuse           |     1 |       |     2 |     1 |     1 ||     5
       Dazzling Spray    |       |     8 |       |    43 |    48 ||    99
       Tukima's Dance    |       |       |     7 |       |       ||     7
       Gell's Gravitas   |       |       |     7 |     1 |     8 ||    16
       Phase Shift       |       |       |       |     2 |       ||     2
Invok: Shadow Step       |       |       |     2 |    14 |       ||    16
  Use: Potion            |     1 |       |     1 |     1 |     1 ||     4
       Scroll            |       |     3 |       |       |       ||     3
 Stab: Sleeping          |     6 |     4 |    12 |    41 |       ||    63
       Confused          |     1 |       |     2 |     1 |       ||     4
       Invisible         |       |     1 |       |     8 |     1 ||    10
       Distracted        |       |       |       |     1 |       ||     1
  Eat: Bread ration      |       |       |       |     1 |       ||     1
